[Event "Late-Titled-Tuesday-Blitz-January-23-2024"]
[Site "Chess.com"]
[Date "2024.01.23"]
[Round "7"]
[White "The_Straightforward_Rook"]
[Black "nindjaxx8"]
[Result "0-1"]
[WhiteElo "2467"]
[BlackElo "2617"]
[TimeControl "180+1"]
[EndTime "15:15:18 PST"]
[Termination "nindjaxx8 won on time"]

1. e4 e6 2. Qe2 d5 3. exd5 Qxd5 4. Nc3 Qd7 5. g3 Nf6 6. Bg2 Bd6 7. Nf3 c6 8. O-O O-O 9. d4 Qc7 10. Bg5 Nd5 11. Ne4 Be7 12. c4 Nb6 13. Bf4 Qd8 14. Rfd1 N8d7 15. a4 Nf6 16. a5 Nbd7 17. Nc3 Qe8 18. Ne5 Nxe5 19. dxe5 Nd7 20. a6 Nc5 21. axb7 Bxb7 22. b4 Na6 23. b5 Nb4 24. Rab1 Qc8 25. Qg4 Kh8 26. Ne4 cxb5 27. cxb5 Bd5 28. Bg5 Bxg5 29. Nxg5 Bxg2 30. Kxg2 Qb7+ 31. Kg1 Nd5 32. Rd4 h6 33. Ne4 Qc7 34. Nd6 Qc2 35. Qd1 Qg6 36. Ra1 Qg5 37. f4 Qg6 38. Rxd5 exd5 39. Qxd5 Qc2 40.
b6 Rab8 41. bxa7 Rb2 42. Nxf7+ Kh7 43. Qf3 Rb1+ 0-1

[Event "Late-Titled-Tuesday-Blitz-January-23-2024"]
[Site "Chess.com"]
[Date "2024.01.23"]
[Round "7"]
[White "Boninknights"]
[Black "howitzer14"]
[Result "0-1"]
[WhiteElo "2373"]
[BlackElo "2954"]
[TimeControl "180+1"]
[EndTime "15:15:18 PST"]
[Termination "howitzer14 won by resignation"]

1. d4 Nf6 2. Nf3 c5 3. d5 b5 4. Bg5 Qb6 5. Bxf6 Qxf6 6. e4 b4 7. e5 Qb6 8. Bc4 g6 9. Nbd2 Bg7 10.
O-O O-O 11. Re1 d6 12. h3 a5 13. Rb1 Ra7 14. exd6 exd6 15. Ne4 Re7 16. Qd2 Bf5 17. Qf4 Bxe4 18. Rxe4 Rxe4 19. Qxe4 Nd7 20. Qe7 Nf6 21. Ng5 h6 22. Ne4 Nxe4 23. Qxe4 Qb8 24. h4 Re8 25.
Qf3 h5 26. g4 hxg4 27. Qxg4 Re5 28. Rd1 Qe8 29. b3 Re4 30. Qg5 Re5 31. Qg4 Qe7 32. Rd2 Re4 33. f4 Bd4+ 34. Kg2 Qf6 35. Re2 Rxf4 36.
Qg5 Rxh4 37. Qxf6 Bxf6 38. Re8+ Kg7 39. Ra8 Be5 40. Rxa5 Rh2+ 41. Kf3 Rxc2 42. a3 Rc3+ 43. Ke2 bxa3 44. Rxa3 f5 45. Ra7+ Kf6 46. Rc7 g5 47.
Rd7 g4 48. Rh7 Kg5 49. Rf7 Rc2+ 50. Kd3 Rf2 51. Bb5 g3 0-1

[Event "Late-Titled-Tuesday-Blitz-January-23-2024"]
[Site "Chess.com"]
[Date "2024.01.23"]
[Round "7"]
[White "Kazan28"]
[Black "Iuckyducky"]
[Result "1-0"]
[WhiteElo "2591"]
[BlackElo "2353"]
[TimeControl "180+1"]
[EndTime "15:15:20 PST"]
[Termination "Kazan28 won by checkmate"]

1. d4 d5 2. c4 c6 3. Nf3 Nf6 4. Nc3 dxc4 5. a4 Bf5 6. e3 Nbd7 7. Bxc4 e6 8. O-O Bd6 9. Qe2 Nb6 10. e4 Nxe4 11. Bb3 Nf6 12. Ne5 O-O 13. Bg5 h6 14. Bh4 a5 15. Rfe1 Be7 16. Rad1 Nfd5 17.
Bg3 Bf6 18. Ne4 Qe7 19. Nc5 Rad8 20. h3 Nb4 21. Ne4 Bh4 22. Bf4 N6d5 23. Bh2 Kh7 24.
Ng3 Bg6 25. Nxg6 fxg6 26. Ne4 Bf6 27. Bc4 b6 28. Bb3 Rf7 29. Nd2 Re8 30. Nf3 Bg5 31. Ne5 Rf5 32. Rf1 Nf4 33. Qe4 Ref8 34. Nxc6 Qb7 35.
Rc1 Nxc6 36. Rxc6 Ne2+ 37. Kh1 Rxf2 38. Rxf2 Rxf2 39. Bc7 Rf1+ 40. Kh2 Ng1 41. Rxe6 Qxe4 42. Rxe4 Rb1 43. Bf7 Ne2 44. Re6 Nf4 45. Bxf4 Bxf4+ 46. g3 Rxb2+ 47. Kg1 Bxg3 48. Bxg6+ Kg8 49. Re8# 1-0

[Event "Late-Titled-Tuesday-Blitz-January-23-2024"]
[Site "Chess.com"]
[Date "2024.01.23"]
[Round "7"]
[White "TheMagician"]
[Black "Manukyan_Artak"]
[Result "0-1"]
[WhiteElo "2137"]
[BlackElo "2507"]
[TimeControl "180+1"]
[EndTime "15:15:22 PST"]
[Termination "Manukyan_Artak won by resignation"]

1. d4 d5 2. Nf3 Nf6 3. e3 Bg4 4. c4 e6 5. Qb3 Bxf3 6. Qxb7 Bxg2 7. Bxg2 Nbd7 8. c5 Be7 9. Nc3 O-O 10. Qa6 e5 11.
O-O e4 12. Qc6 Qc8 13. Nxd5 Nxd5 14. Qxd5 Nf6 15. Qg5 Qe6 16. Qf4 Rad8 17. b3 Rd5 18. f3 g5 19. Qg3 h5 20. fxe4 Nxe4 21. Qf3 f5 22. Qxh5 Kg7 23. Bxe4 Qxe4 24. Qf3 Qe6 25. Qg2 Rh8 26. Bd2 Rh4 27. Rf2 Rg4 28. Raf1 Rxg2+ 29.
Rxg2 g4 30. h3 Bg5 31. hxg4 Bxe3+ 32. Bxe3 Qxe3+ 33. Rff2 f4 34. g5 Rxd4 35. Kh2 f3 36.
Kg3 fxg2+ 37. Kxg2 Rg4+ 38. Kf1 Rf4 39. Rxf4 Qxf4+ 40. Ke2 Qxg5 41. Kd3 Qxc5 42. b4 Qxb4 43. a3 Qxa3+ 44.
Kc4 Qd6 45. Kb5 c5 46. Kc4 Qd4+ 47. Kb5 Qb4+ 48. Kc6 c4 49. Kd5 c3 50. Ke6 c2 51.
Ke5 c1=Q 52. Kd5 Qcc5+ 0-1

[Event "Late-Titled-Tuesday-Blitz-January-23-2024"]
[Site "Chess.com"]
[Date "2024.01.23"]
[Round "7"]
[White "CarlosjPineror"]
[Black "Durarbayli"]
[Result "0-1"]
[WhiteElo "2607"]
[BlackElo "2856"]
[TimeControl "180+1"]
[EndTime "15:15:23 PST"]
[Termination "Durarbayli won by resignation"]

1. e4 e5 2. Nf3 Nc6 3. Bb5 a6 4. Ba4 Nge7 5. c3 g6 6. h4 Bg7 7.
h5 O-O 8. d3 d5 9. Nbd2 Bg4 10.
hxg6 hxg6 11. Qe2 Qd6 12. Nf1 d4 13. Bc2 Qc5 14. Bd2 dxc3 15. bxc3 Nd4 16. cxd4 Qxc2 17. d5 c6 18. Bb4 Qxe2+ 19. Kxe2 Nxd5 20. exd5 e4 21. dxe4 Bxa1 22. Bxf8 Rxf8 23. Ne3 Bxf3+ 24. gxf3 Be5 25. dxc6 bxc6 26. Rc1 Rc8 27. Nd5 Kf8 28. Nb6 Rc7 29. Nc4 Bf4 30. Rb1 Rd7 31. Rb6 c5 32.
Rc6 Rb7 33. Rxc5 Rb1 34. Rc6 Rc1 35. Kd3 Rd1+ 36. Kc2 Rf1 37. Rxa6 Rxf2+ 38. Kd3 Rxf3+ 39. Kd4 g5 40. e5 g4 41. Ke4 Rf1 42. Rf6 g3 43.
Ne3 Bxe3 44. Rxf1 g2 45. Re1 g1=Q 46. Rxg1 Bxg1 47. a4 Ke7 48. Kf5 Ba7 49. Kf4 Ke6 0-1

[Event "Late-Titled-Tuesday-Blitz-January-23-2024"]
[Site "Chess.com"]
[Date "2024.01.23"]
[Round "7"]
[White "Yurovskykh_Oleksandr"]
[Black "DavidGavrilescu18"]
[Result "0-1"]
[WhiteElo "2616"]
[BlackElo "2818"]
[TimeControl "180+1"]
[EndTime "15:15:24 PST"]
[Termination "DavidGavrilescu18 won by checkmate"]

1. d4 d5 2. Bf4 c5 3. e3 cxd4 4. exd4 Nc6 5. c3 Bf5 6. Nf3 e6 7. Qb3 Qd7 8. Nh4 Be4 9. Nd2 f6 10. Be3 g5 11. Nhf3 Bf5 12. h3 h5 13. Be2 Bd6 14.
Qd1 Nge7 15. Nb3 Ng6 16. g3 h4 17. g4 Be4 18. Nbd2 Nf4 19. Nxe4 dxe4 20. Nd2 f5 21. Qb3 O-O-O 22. Bf1 Rhf8 23. O-O-O Kb8 24. Kb1 Rc8 25. Nc4 Bc7 26. gxf5 exf5 27. d5 Nxd5 28. Bxg5 f4 29. Nb6 Bxb6 30. Rxd5 Qh7 31. Bb5 Bxf2 32. Bxc6 Rxc6 33.
Rhd1 e3+ 34. Ka1 e2 35. Rd8+ Rc8 36. Bxf4+ Ka8 37. Rxf8 exd1=Q+ 38. Qxd1 Rxf8 39. Qd6 Qf7 40. Bh2 Bc5 41. Qxf8+ Qxf8 42. a4 Qf1+ 43. Ka2 Qxh3 44. Bd6 Bxd6 45. a5 Qg2 46. a6 bxa6 47. c4 h3 48. c5 Bxc5 49. Kb3 h2 50. Ka4 h1=Q 51.
b4 Qa1+ 52. Kb3 Qgb2+ 53. Kc4 Qd4+ 54. Kb3 Qac3+ 55. Ka4 Qdxb4# 0-1

[Event "Late-Titled-Tuesday-Blitz-January-23-2024"]
[Site "Chess.com"]
[Date "2024.01.23"]
[Round "7"]
[White "kai_nov"]
[Black "DeArron_Fox"]
[Result "0-1"]
[WhiteElo "2290"]
[BlackElo "2438"]
[TimeControl "180+1"]
[EndTime "15:15:24 PST"]
[Termination "DeArron_Fox won by checkmate"]

1. d4 d5 2. c4 e6 3. Nc3 Nf6 4.
cxd5 exd5 5. Bg5 c6 6. e3 Be7 7.
Bd3 Nbd7 8. Qc2 Nh5 9. Bxe7 Qxe7 10.
Nge2 g6 11. O-O O-O 12. a3 a5 13. Rab1 Ng7 14. Ng3 h5 15. h3 h4 16. Nge2 Nb6 17. e4 dxe4 18. Nxe4 Bf5 19. Rbd1 Rfe8 20. N2c3 Ne6 21.
Qc1 Nxd4 22. Qh6 Nd5 23. Nxd5 cxd5 24. Ng5 Qf6 25. Qh7+ Kf8 26. Qxh4 Kg7 27. Qh7+ Kf8 28. Qh6+ Qg7 29. Qh4 Qe5 30. f4 Qe3+ 31. Kh2 Bxd3 32.
Rxd3 Qxd3 33. Qh8+ Ke7 34. Re1+ Kd7 35. Rxe8 Rxe8 36.
Qf6 Re7 37. Nxf7 Rxf7 38. Qxf7+ Kc6 39. Qxg6+ Qxg6 40. f5 Qxf5 41. Kg3 Qe5+ 42. Kf2 Qe2+ 43. Kg3 Nc2 44. Kh2 Ne3 45. h4 Qxg2# 0-1

[Event "Late-Titled-Tuesday-Blitz-January-23-2024"]
[Site "Chess.com"]
[Date "2024.01.23"]
[Round "7"]
[White "mfwagnerpeixoto"]
[Black "tigurones"]
[Result "0-1"]
[WhiteElo "2317"]
[BlackElo "2486"]
[TimeControl "180+1"]
[EndTime "15:15:25 PST"]
[Termination "tigurones won by resignation"]

1. e4 e6 2. d4 d5 3. Nd2 Nf6 4. Bd3 dxe4 5. Nxe4 Nbd7 6. Nf3 Be7 7. O-O O-O 8. c3 c5 9. dxc5 Nxc5 10. Nxc5 Bxc5 11. Bg5 h6 12. Bh4 Be7 13. Qe2 Qa5 14. Ne5 Rd8 15. a3 Bd7 16. Nxd7 Rxd7 17. Bxf6 Bxf6 18. Qe4 g6 19.
Rad1 Rad8 20. Bc2 Qb6 21. Rxd7 Rxd7 22. b4 Bxc3 23. h4 Rd5 24. Rd1 Rxd1+ 25. Bxd1 h5 26.
Bf3 Bb2 27. Qxb7 Qd4 28. a4 Ba3 29. Qa8+ Kg7 30. Qe4 Qxe4 31. Bxe4 Bxb4 32. g3 Kf6 33. Kf1 Ke5 34. Bc6 a5 35. Ke2 Bc5 36. Be8 Kf6 37.
Kf3 Bb6 38. Bd7 Ke7 39. Bb5 f6 40. g4 hxg4+ 41. Kxg4 Bxf2 42. h5 gxh5+ 43. Kxh5 Bd4 44. Kg4 f5+ 45. Kf3 Kf6 46. Bc6 Bc5 0-1

[Event "Late-Titled-Tuesday-Blitz-January-23-2024"]
[Site "Chess.com"]
[Date "2024.01.23"]
[Round "7"]
[White "kingofthenil"]
[Black "WPWPWP-2015"]
[Result "1-0"]
[WhiteElo "2690"]
[BlackElo "2497"]
[TimeControl "180+1"]
[EndTime "15:15:26 PST"]
[Termination "kingofthenil won by checkmate"]

1. e4 c5 2. d3 e5 3. g3 Nc6 4. Bg2 Nf6 5. Nf3 Be7 6. O-O O-O 7. Re1 d6 8. h3 h6 9. c3 Be6 10. a4 Qd7 11. Na3 Bxh3 12. Bh1 Bg4 13. Qb3 Be6 14. Qc2 Ng4 15. Nc4 f5 16. exf5 Rxf5 17.
Ne3 Nxe3 18. Bxe3 Raf8 19. Nh2 R5f7 20. c4 Nb4 21. Qe2 Bg5 22. Rf1 Bh3 23. Bxg5 hxg5 24.
Qh5 Bf5 25. Rad1 Qe7 26. Nf3 g6 27. Qxg5 Bxd3 28. Rxd3 Qxg5 29. Nxg5 Nxd3 30. Bd5 Kg7 31. Bxf7 Kh6 32. f4 exf4 33. gxf4 Nxf4 34. Rxf4 Kxg5 35. Rf3 b6 36. Kg2 Rh8 37. Rg3+ Kf6 38. Bxg6 Rg8 39. Bd3 Rh8 40. Kf3 Ke5 41. Ke3 Rh2 42.
Rg5+ Ke6 43. Rg6+ Ke5 44. Be2 Rh3+ 45. Bf3 Rh2 46. Rg5+ Kf6 47. Rd5 Ke7 48. Rd2 Rh4 49. Bd5 Rh3+ 50. Ke4 Rh4+ 51. Kf5 Rh5+ 52. Kg6 Rh3 53.
Re2+ Kd8 54. Kf7 Rh6 55. Re8+ Kd7 56. Re7+ Kd8 57. Be4 Rh4 58. Re8+ Kc7 59. Bd5 Rh7+ 60. Kg6 Rh2 61. Re7+ Kd8 62. Rxa7 Rxb2 63. Kf6 Re2 64. Rb7 Ra2 65. Ke6 Rxa4 66. Kxd6 Kc8 67. Rxb6 Ra7 68.
Be6+ Kd8 69. Rb8# 1-0

[Event "Late-Titled-Tuesday-Blitz-January-23-2024"]
[Site "Chess.com"]
[Date "2024.01.23"]
[Round "7"]
[White "angelgab3"]
[Black "Hrant_ChessMood"]
[Result "0-1"]
[WhiteElo "2690"]
[BlackElo "2916"]
[TimeControl "180+1"]
[EndTime "15:15:28 PST"]
[Termination "Hrant_ChessMood won by resignation"]

1. e4 c6 2. d3 d5 3. Nd2 g6 4.
Ngf3 Bg7 5. Be2 e5 6. O-O Ne7 7. b4 O-O 8. Bb2 Nd7 9. a4 a5 10. bxa5 Qxa5 11. Nb3 Qc7 12. a5 Rd8 13. Re1 dxe4 14.
dxe4 Nc5 15. Qc1 Nxb3 16. cxb3 Rxa5 17. Bc4 Rxa1 18. Qxa1 b5 19. Bf1 f6 20. Rc1 Be6 21.
Bxb5 Bxb3 22. Ba3 Bh6 23. Bc4+ Bxc4 24. Rxc4 Qa5 25. Rc3 Bd2 26. Rb3 Qa4 27. Qa2 Ba5 28. h4 Kh8 29. Qc2 Ng8 30. Bc5 Rb8 31. Rxb8 Qxc2 32.
Be7 Kg7 33. Bf8+ Kf7 34. h5 Qc1+ 35. Kh2 Qf4+ 36. Kg1 Qc1+ 37. Kh2 Qf4+ 38. Kg1 Qxe4 39. h6 Bc7 40. Rc8 Qb1+ 41. Kh2 Qb7 0-1

[Event "Late-Titled-Tuesday-Blitz-January-23-2024"]
[Site "Chess.com"]
[Date "2024.01.23"]
[Round "7"]
[White "AlexOstrovskiy"]
[Black "GlavkonVVS"]
[Result "1-0"]
[WhiteElo "2762"]
[BlackElo "2507"]
[TimeControl "180+1"]
[EndTime "15:15:29 PST"]
[Termination "AlexOstrovskiy won by resignation"]

1. e4 Nf6 2. Nc3 d5 3. exd5 Nxd5 4. Bc4 Nb6 5. Bb3 c5 6. d3 Nc6 7. a4 a5 8. Nf3 Bf5 9. O-O e6 10. Re1 Be7 11. h3 O-O 12. Ne2 Nb4 13. Ng3 Bg6 14.
Ne5 Rc8 15. Qe2 Bf6 16. Nxg6 hxg6 17. Ne4 Be7 18. Nd2 Qc7 19. c3 N4d5 20. Ne4 Rfd8 21.
Bc2 Nf4 22. Qf3 Nfd5 23. Bd2 c4 24. d4 Nf6 25. Ng5 Qc6 26. Qe2 Nbd5 27. Nf3 Bd6 28.
g3 Rb8 29. Bg5 b5 30. axb5 Qxb5 31. Ra2 Rdc8 32. h4 Qd7 33. Ba4 Qc7 34. Kg2 Rb6 35.
Bc2 Rcb8 36. Bc1 Qb7 37. Kg1 Qc7 38. Ne5 Bxe5 39. dxe5 Nd7 40. h5 gxh5 41. Qxh5 g6 42. Bxg6 fxg6 43. Qxg6+ Kf8 44. Bh6+ Ke7 45. Qg5+ Ke8 46.
Qg8+ Nf8 47. Qxf8+ Kd7 48. Qg7+ Kc8 49. Qxc7+ Kxc7 50.
Bc1 Rb5 51. Re4 Rc5 52. Be3 Nxe3 53. Rxe3 Rbb5 54. f4 Rd5 55. Kg2 Rd2+ 56. Kf3 Rdxb2 57. Ra4 Rc5 58. Re4 Rb3 59. Rexc4 Rxc3+ 60. Rxc3 Rxc3+ 61. Kg4 Rc5 62. Kg5 Kb6 63. Kf6 Kb5 64. Ra1 Rc6 65.
g4 a4 66. g5 Kb4 67. g6 a3 68.
g7 Rc8 69. Kxe6 Rc6+ 70. Kf5 Rc8 71. Kf6 Kb3 72. e6 a2 73. Rxa2 Kxa2 74. Kf7 1-0

[Event "Late-Titled-Tuesday-Blitz-January-23-2024"]
[Site "Chess.com"]
[Date "2024.01.23"]
[Round "7"]
[White "youngdinousaur"]
[Black "zverr1"]
[Result "1-0"]
[WhiteElo "2339"]
[BlackElo "2504"]
[TimeControl "180+1"]
[EndTime "15:15:30 PST"]
[Termination "youngdinousaur won by checkmate"]

1. d4 Nf6 2. Nf3 g6 3. Nc3 d5 4. Bf4 Bg7 5. e3 c6 6. Be2 O-O 7. Ne5 Nbd7 8. h4 h6 9. g4 Ne4 10. Nxe4 dxe4 11. Nxd7 Bxd7 12. c3 Qc8 13. g5 h5 14. Qc2 Bf5 15. O-O-O Re8 16. Rd2 e5 17. dxe5 Bxe5 18. Bxe5 Rxe5 19. Rhd1 Qe6 20. Qb3 Qe7 21.
Rd6 Be6 22. Bc4 Bxc4 23. Qxc4 Kf8 24. Rd7 Qe6 25. Qxe6 Rxe6 26. Rxb7 Re5 27. Rd6 Rf5 28. Rf6 Rxf6 29. gxf6 Re8 30. Rc7 Re6 31. Rc8+ Re8 32. Rxc6 Re6 33. Rc8+ Re8 34. Rc7 Re6 35. Rc8+ Re8 36. Rxe8+ Kxe8 37. b4 Kd7 38. c4 Ke6 39.
Kd2 Kxf6 40. Ke2 Ke5 41. a4 f6 42. a5 Kd6 43. Kf1 g5 44. Kg2 a6 45. b5 axb5 46. cxb5 Kc5 47. a6 Kb6 48. Kg3 Ka7 49. hxg5 fxg5 50. f3 h4+ 51. Kg4 exf3 52. Kxf3 h3 53. Kg3 g4 54. e4 Kb6 55. e5 Kc7 56. e6 Kd6 57. a7 Kxe6 58. a8=Q Kf5 59. Qc8+ Kg6 60.
Qxg4+ Kf6 61. Qxh3 Ke5 62. Qc8 Kd6 63. b6 Ke5 64. b7 Kf6 65. b8=Q Kg5 66. Qe5+ Kg6 67. Qg8+ Kh6 68. Qeg5# 1-0

[Event "Late-Titled-Tuesday-Blitz-January-23-2024"]
[Site "Chess.com"]
[Date "2024.01.23"]
[Round "7"]
[White "vladislavkovalev"]
[Black "jk13"]
[Result "1-0"]
[WhiteElo "2866"]
[BlackElo "2655"]
[TimeControl "180+1"]
[EndTime "15:15:31 PST"]
[Termination "vladislavkovalev won by resignation"]

1. e4 e5 2. Nf3 Nc6 3. Bb5 a6 4. Ba4 Nf6 5. O-O b5 6. Bb3 Bc5 7. a4 Rb8 8. c3 d6 9. d4 Bb6 10.
a5 Ba7 11. h3 O-O 12. Be3 Ra8 13. Re1 h6 14. Nbd2 Re8 15. Qc2 Bb7 16. Ba2 Qd7 17. dxe5 Bxe3 18. exf6 Bxd2 19. Qxd2 Ne5 20. Nd4 d5 21.
fxg7 Kh7 22. Nf5 Re6 23. f4 Nc4 24. Bxc4 bxc4 25. Rad1 Rae8 26. e5 Rg6 27. Nh4 Rxg7 28. Qf2 Qd8 29. Kh2 c6 30. Nf5 Rg6 31. Nd6 Re7 32.
f5 Rg5 33. f6 Rd7 34. h4 Rg6 35.
Nxb7 Rxb7 36. Qf5 h5 37. Qxh5+ Rh6 38. Qf5+ Kh8 39. Rd4 Qg8 40. Rg4 Qf8 41. Re3 Rxb2 42. Reg3 Rb8 43. Qg5 Rc8 44. h5 Re8 45. Kg1 Rb8 46.
Qf4 Rb1+ 47. Kf2 Rb2+ 48. Kf3 Rc2 49. Rg8+ Kh7 50. R3g7+ Qxg7 51. Rxg7+ 1-0

[Event "Late-Titled-Tuesday-Blitz-January-23-2024"]
[Site "Chess.com"]
[Date "2024.01.23"]
[Round "7"]
[White "SanchezKelvin"]
[Black "sofaceindisguise"]
[Result "1-0"]
[WhiteElo "2575"]
[BlackElo "2756"]
[TimeControl "180+1"]
[EndTime "15:15:34 PST"]
[Termination "SanchezKelvin won on time"]

1. e4 e5 2. Nf3 Nc6 3. Bb5 a6 4. Ba4 Nf6 5. O-O Be7 6. Re1 b5 7.
Bb3 O-O 8. a4 Rb8 9. axb5 axb5 10.
Nc3 d6 11. h3 Be6 12. Nd5 Nd4 13. Nxd4 exd4 14. d3 c6 15. Nxe7+ Qxe7 16. Bg5 Bxb3 17. cxb3 Qe6 18. b4 Ra8 19. Qc2 Rac8 20. f4 c5 21. bxc5 dxc5 22. f5 Qb6 23. Qf2 c4 24. Bxf6 gxf6 25.
e5 fxe5 26. Qg3+ Kh8 27. Qxe5+ f6 28. Qd5 Rcd8 29. Qe6 Qxe6 30. Rxe6 c3 31. Rb6 Rb8 32. Rc6 Rfc8 33. Rxc8+ Rxc8 34. b4 h5 35. Kf2 Kg7 36.
Ke2 Kh6 37. h4 Re8+ 38. Kf2 Re5 39. Ra6 Rxf5+ 40. Ke2 Kg6 41. Rd6 Re5+ 42. Kd1 Re3 43. Rxd4 Rg3 44. Kc2 Rxg2+ 45. Kxc3 f5 46. Rd6+ Kf7 47.
Rd5 Ke6 48. Rxb5 f4 49. Kd4 Re2 50. Rxh5 f3 51. Rh8 1-0

[Event "Late-Titled-Tuesday-Blitz-January-23-2024"]
[Site "Chess.com"]
[Date "2024.01.23"]
[Round "7"]
[White "IgorBjelobrk"]
[Black "Elsa167"]
[Result "1-0"]
[WhiteElo "2638"]
[BlackElo "2915"]
[TimeControl "180+1"]
[EndTime "15:15:36 PST"]
[Termination "IgorBjelobrk won on time"]

1. d4 Nf6 2. c4 g6 3. Nc3 Bg7 4. e4 d6 5. h3 O-O 6. Nf3 e5 7. d5 a5 8. g4 Na6 9. Be3 Nc5 10. Nd2 c6 11. Be2 Bd7 12. g5 Ne8 13. h4 f5 14. h5 Rf7 15. hxg6 hxg6 16. exf5 Bxf5 17. Nf1 e4 18. Ng3 Qb6 19. Qd2 a4 20. Kf1 a3 21.
b3 Qb4 22. Rc1 cxd5 23. Nxd5 Qxd2 24. Bxd2 Nxb3 25. axb3 a2 26. Nxf5 a1=Q 27. Nfe7+ Rxe7 28. Nxe7+ Kf7 29. Rxa1 Rxa1+ 30. Kg2 Rxh1 31. Kxh1 Kxe7 32. Kg2 Nc7 33. f3 exf3+ 34. Kxf3 b5 35. cxb5 Bd4 36. Ke4 Bb6 37. Bc3 d5+ 38. Kf4 Ne6+ 39. Kg4 d4 40. Bd2 Kd6 41. Bc4 Nc5 42. Bb4 Ke5 43. Bd2 Ne4 44. Bb4 d3 45. Kf3 d2 46. Ke2 Nxg5 47. Bxd2 Ne4 48. Be1 g5 49. Bd3 g4 50. b4 1-0

[Event "Late-Titled-Tuesday-Blitz-January-23-2024"]
[Site "Chess.com"]
[Date "2024.01.23"]
[Round "7"]
[White "mishanick"]
[Black "TigrVShlyape"]
[Result "1-0"]
[WhiteElo "3071"]
[BlackElo "2940"]
[TimeControl "180+1"]
[EndTime "15:15:37 PST"]
[Termination "mishanick won on time"]

1. d4 d5 2. c4 c6 3. Nf3 Nf6 4. Nc3 a6 5. e3 Bg4 6. h3 Bxf3 7. Qxf3 e6 8. Bd3 Nbd7 9. O-O Be7 10. b3 O-O 11. Bb2 Re8 12. Rad1 Qb6 13. Qe2 a5 14. f4 g6 15. Kh2 Qc7 16. Rc1 Qb8 17. Qf3 Bf8 18. g4 a4 19. g5 Nh5 20. bxa4 Nb6 21.
cxd5 exd5 22. Kg2 Nxa4 23. Nxa4 Rxa4 24. f5 Rxa2 25. Rc2 Qc7 26. Rcf2 Bg7 27. h4 Kh8 28. Re1 b5 29. Bb1 Ra4 30. e4 Bxd4 31. fxg6 hxg6 32. Bxd4+ Rxd4 33. Qc3 c5 34. Ref1 b4 35. Qh3 Kg8 36. Rxf7 Rd2+ 37. Kg1 Qg3+ 38. Qxg3 Nxg3 39. R1f6 Nh5 40.
Rf1 Rd1 41. Rxd1 Kxf7 42. Rxd5 c4 43. Rb5 b3 44. Kf2 Rd8 45. Ke2 Nf4+ 46. Ke3 Ng2+ 47. Ke2 Nxh4 48. Rb4 Rd4 49. e5 Ng2 50. Rb7+ Ke6 51.
Bxg6 Nf4+ 52. Ke3 1-0

[Event "Late-Titled-Tuesday-Blitz-January-23-2024"]
[Site "Chess.com"]
[Date "2024.01.23"]
[Round "7"]
[White "ValeriyGrinev"]
[Black "Arifarsky"]
[Result "1/2-1/2"]
[WhiteElo "2538"]
[BlackElo "2693"]
[TimeControl "180+1"]
[EndTime "15:15:37 PST"]
[Termination "Game drawn - insufficient material"]

1. e4 e5 2. Nf3 Nc6 3. Bb5 Nf6 4. O-O Be7 5. Re1 d6 6. c3 a6 7. Bf1 O-O 8. h3 d5 9. exd5 Qxd5 10. d3 h6 11.
Nbd2 Bc5 12. Ne4 Nxe4 13. dxe4 Qxd1 14. Rxd1 Be6 15. Be3 Bxe3 16. fxe3 Rfd8 17. Kf2 Rxd1 18. Rxd1 Bxa2 19. c4 Kf8 20. Nd2 Rd8 21. Ke1 Nb4 22. Be2 Ke7 23. Rc1 c5 24. Rc3 b6 25. Kd1 Kd6 26.
b3 Kc6 27. Kc1 a5 28. Nf3 f6 29. Nh4 Ra8 30. Nf5 Ra7 31. Bh5 a4 32. Be8+ Kc7 33.
Bxa4 Kd8 34. Kb2 h5 35. Rc2 g6 36. Rd2+ Kc8 37. Nd6+ Kb8 38. Nb5 Rxa4 39. bxa4 Bxc4 40.
Rd6 Bf1 41. Rxb6+ Kc8 42. Rxf6 Bxg2 43. h4 Kd8 44. Rxg6 Bxe4 45. Rg5 Bf3 46. Kc3 Nc6 47. a5 Nxa5 48. Rxe5 Nb7 49. e4 Bg4 50. Rd5+ Ke7 51.
Kd3 c4+ 52. Kd4 Na5 53. Re5+ Kf6 54. Rc5 Nb3+ 55. Kxc4 Nxc5 56. Kxc5 Ke5 57. Nc3 Kf4 58. Kd4 Kg3 59. Ke3 Kxh4 60. Kf4 Kh3 61. e5 Kg2 62. Ne4 Be6 63. Nc5 Bd5 64. Kg5 Kg3 65. Kxh5 Kf4 66. Nd3+ Ke4 67. e6 Bxe6 1/2-1/2

[Event "Late-Titled-Tuesday-Blitz-January-23-2024"]
[Site "Chess.com"]
[Date "2024.01.23"]
[Round "7"]
[White "FontVella8"]
[Black "cthulhuuu"]
[Result "1-0"]
[WhiteElo "2749"]
[BlackElo "2475"]
[TimeControl "180+1"]
[EndTime "15:15:38 PST"]
[Termination "FontVella8 won on time"]

1. Nf3 Nf6 2. b3 g6 3. Bb2 Bg7 4.
g3 O-O 5. Bg2 d6 6. O-O e5 7. c4 e4 8. Ne1 Nc6 9. Nc3 Re8 10. Nc2 d5 11. Nxd5 Nxd5 12. Bxg7 Kxg7 13. cxd5 Qxd5 14. d3 f5 15. dxe4 Qxd1 16. Rfxd1 fxe4 17. Rac1 Bg4 18. Nd4 Rad8 19. Nxc6 Rxd1+ 20. Rxd1 bxc6 21. Kf1 h5 22. Rd4 Bf5 23. Ke1 Re5 24. Kd2 Ra5 25.
a4 Rd5 26. Ke3 Kf6 27. Rxd5 cxd5 28. Kd4 c6 29. e3 Bd7 30. Bf1 Ke7 31. Kc5 Be8 32.
Ba6 Kd7 33. Bb7 Kc7 34. Ba8 g5 35. b4 a6 36. h4 gxh4 37. gxh4 Bd7 38. b5 cxb5 39.
axb5 Bxb5 40. Bxd5 Bd3 41. Be6 Kd8 42. Bf5 Ke7 43.
Bg6 Kf6 44. Bxh5 Ke5 45. Bd1 Kf6 46. Kd6 Kf5 47. Kd5 a5 48. Kd4 1-0

[Event "Late-Titled-Tuesday-Blitz-January-23-2024"]
[Site "Chess.com"]
[Date "2024.01.23"]
[Round "7"]
[White "katharinareinecke"]
[Black "gxbg2000"]
[Result "0-1"]
[WhiteElo "1996"]
[BlackElo "2129"]
[TimeControl "180+1"]
[EndTime "15:15:38 PST"]
[Termination "gxbg2000 won on time"]

1. d4 d5 2. c4 c6 3. Nf3 Nf6 4. g3 Bg4 5. Bg2 e6 6. O-O Nbd7 7. Nc3 Bd6 8. b3 O-O 9. Bb2 h6 10. Nd2 Bh5 11. f3 Bg6 12. e4 dxe4 13. fxe4 e5 14. d5 Qe7 15. Kh1 Rad8 16. Qe2 Bh5 17. Bf3 Bg6 18.
a3 a6 19. b4 cxd5 20. exd5 b6 21. Nce4 Nxe4 22. Nxe4 Bxe4 23. Bxe4 Rc8 24. Bd3 a5 25. bxa5 bxa5 26. Qe4 g6 27. Bc3 Nc5 28. Qe2 Nxd3 29. Qxd3 Qc7 30. Rfe1 Rfe8 31. Qd2 Qxc4 32. Bxa5 Qa4 33.
Bb4 Rcd8 34. Qxh6 Bxb4 35. axb4 Qxb4 36. Rad1 Rxd5 37. Qc1 Qb7 38. Rxd5 Qxd5+ 39. Kg1 e4 40. Qe3 f5 41. Re2 Qd1+ 42. Kf2 Rd8 43. Qg5 Kf7 44. Qh6 Qd4+ 45. Kg2 Qd5 46. Qh7+ Kf6 47. Qh4+ Kg7 48. Qf4 e3+ 49. Kf1 Qd1+ 50. Re1 Qd3+ 51.
Re2 Re8 52. Qc7+ Kf6 53. Qc6+ Re6 0-1

[Event "Late-Titled-Tuesday-Blitz-January-23-2024"]
[Site "Chess.com"]
[Date "2024.01.23"]
[Round "7"]
[White "Hirna2005"]
[Black "rychessmaster1"]
[Result "0-1"]
[WhiteElo "2315"]
[BlackElo "2733"]
[TimeControl "180+1"]
[EndTime "15:15:39 PST"]
[Termination "rychessmaster1 won on time"]

1. e4 c6 2. Nc3 d5 3. Nf3 dxe4 4. Nxe4 Nf6 5. Qe2 Nxe4 6. Qxe4 Qa5 7. Bc4 Bf5 8. Qf4 e6 9. O-O Nd7 10. d3 Be7 11.
Bd2 Qd8 12. Bc3 O-O 13. Rfe1 Bf6 14. Ne5 Nb6 15. Bb3 Nd5 16. Bxd5 cxd5 17. Bd4 Rc8 18. Rac1 Bg5 19. Qg3 f6 20. Ng4 Bxc1 21. Rxc1 Bxg4 22. Qxg4 e5 23. Bxa7 Qa5 24. Qe6+ Kh8 25. Bb6 Rxc2 26. Rf1 Qxa2 27. Qe7 Rg8 28. b4 Qa6 29. Bc5 h6 30. d4 e4 31. h4 Qc6 32. h5 Qe8 33. Qxb7 Qxh5 34. Qc6 e3 35. fxe3 Qg4 36. Rf2 Rc1+ 37. Rf1 Rc2 38. Rf2 Qd1+ 39. Rf1 Qe2 40. Qxd5 Qxe3+ 41. Kh1 Re8 42. b5 Qg3 43. b6 Ree2 44. b7 Rxg2 45.
b8=Q+ Qxb8 46. Qxg2 Rxg2 47. Kxg2 h5 48. Rf5 Qb2+ 49. Kf3 Qc3+ 50. Ke4 Qc2+ 51. Kf4 Qe2 52. Rd5 Qg4+ 53. Ke3 h4 54. Bd6 Kh7 55. Bf4 g5 0-1

[Event "Late-Titled-Tuesday-Blitz-January-23-2024"]
[Site "Chess.com"]
[Date "2024.01.23"]
[Round "7"]
[White "GiorgianBarbosa"]
[Black "Flameboard08"]
[Result "1-0"]
[WhiteElo "2461"]
[BlackElo "2554"]
[TimeControl "180+1"]
[EndTime "15:15:40 PST"]
[Termination "GiorgianBarbosa won by resignation"]

1. c4 b5 2. g3 bxc4 3. Bg2 Nc6 4.
Bxc6 dxc6 5. Qa4 Qd5 6. Nf3 Qb5 7. Qc2 c5 8. Na3 Qc6 9. Nxc4 f6 10. d3 Bg4 11.
Ncd2 e5 12. b3 Ne7 13. Ba3 Nf5 14. e4 Nd6 15. Qxc5 Qxc5 16. Bxc5 O-O-O 17. h3 Bh5 18. g4 Bg6 19. Bxa7 Nb5 20. Be3 Rxd3 21. Ke2 Rd7 22. Rhc1 Ba3 23. Rc4 Bf7 24. Rc2 Nd4+ 25. Bxd4 exd4 26. Kd3 Kb7 27. Nc4 Bb4 28. Rd1 Re8 29.
Nfd2 h5 30. f3 g6 31. a3 Bc5 32. b4 Bb6 33. Nb3 Ra8 34. Nca5+ Bxa5 35. Nc5+ Kc8 36. Nxd7 Bb3 37. bxa5 Kxd7 38. Rdd2 Bxc2+ 39. Kxc2 Rxa5 40.
Rxd4+ Ke6 41. a4 hxg4 42. hxg4 Ke5 43. Rd5+ Rxd5 44. exd5 Kxd5 45. Kd3 Kc5 46. Kc3 Kd5 47. Kb4 c5+ 48. Kc3 Kd6 49. Kc4 Kc6 50. a5 g5 51. a6 Kb6 52. Kd5 c4 53. Kxc4 Kxa6 54. Kd5 f5 55. gxf5 1-0